 Dungeon Crawl Stone Soup version 0.28-a0-773-g130ae17fe5 (webtiles) character file.

Game seed: 2426928565736911986

105 rogsnak the Magician (level 4, -1/32 HPs)
             Began as a Gnoll Hedge Wizard on Nov 2, 2021.
             Killed from afar by a white imp (11 damage)
             ... with a puff of frost
             ... on level 3 of the Dungeon.
             The game lasted 00:03:43 (2806 turns).

rogsnak the Magician (Gnoll Hedge Wizard)           Turns: 2806, Time: 00:03:44

Health: -1/32      AC:  2    Str:  9    XL:     4   Next: 81%
Magic:  5/13       EV: 13    Int: 15    God:
Gold:   120        SH:  0    Dex: 11    Spells: 11/17 levels left

rFire   . . .      SeeInvis .   i - +3 short sword
rCold   . . .      Faith    .   (no shield)
rNeg    . . .      Spirit   .   b - +0 robe
rPois   .          Reflect  .   c - +0 hat
rElec   .          Harm     .   (no cloak)
rCorr   .          Rampage  .   (no gloves)
Will    .....                   (no boots)
Stlth   ++........              (no amulet)
HPRegen 0.10/turn               (no ring)
MPRegen 0.13/turn               (no ring)

@: no status effects
A: fangs 1, strong nose, distributed training
a: no special abilities


You were on level 3 of the Dungeon.
You visited 1 branch of the dungeon, and saw 3 of its levels.

You collected 120 gold pieces.

Inventory:

Hand Weapons
 a - a +0 dagger
 e - a +0 dagger
 i - a +3 short sword (weapon)
Missiles
 f - 3 atropa-tipped darts
 g - 6 datura-tipped darts
 h - 23 bolts
 j - 14 arrows
 l - a throwing net
 m - 4 boomerangs
 r - 27 sling bullets
 s - 18 poisoned darts
Armour
 b - a +0 robe (worn)
 c - a +0 hat (worn)
 o - +0 fire dragon scales
Wands
 x - a wand of digging (7)
Scrolls
 d - 4 scrolls of identify {unknown}
 n - a scroll of enchant weapon {unknown}
 p - a scroll of acquirement {unknown}
 t - a scroll of teleportation {unknown}
 w - a scroll of summoning {unknown}
 y - a scroll of magic mapping {unknown}
Potions
 k - a potion of mutation {unknown}
 q - 3 potions of lignification {unknown}
 u - a potion of flight {unknown}
 v - a potion of attraction {unknown}
 z - a potion of heal wounds {unknown}


   Skills:
 + Level 1.2 Fighting
 + Level 1.2 Short Blades
 + Level 1.2 Long Blades
 + Level 1.2 Axes
 + Level 1.2 Maces & Flails
 + Level 1.2 Polearms
 + Level 1.2 Staves
 + Level 1.2 Slings
 + Level 1.2 Bows
 + Level 1.2 Crossbows
 + Level 1.2 Throwing
 + Level 1.2 Armour
 + Level 4.7 Dodging
 + Level 4.3 Stealth
 + Level 1.2 Shields
 + Level 1.2 Unarmed Combat
 + Level 7.2 Spellcasting
 + Level 2.3 Conjurations
 + Level 1.0 Hexes
 + Level 2.3 Summonings
 + Level 1.0 Necromancy
 + Level 2.3 Translocations
 + Level 1.0 Transmutations
 + Level 1.0 Fire Magic
 + Level 1.0 Ice Magic
 + Level 1.0 Air Magic
 + Level 1.0 Earth Magic
 + Level 1.0 Poison Magic
 + Level 1.4 Invocations
 + Level 1.2 Evocations


You had 11 spell levels left.
You knew the following spells:

 Your Spells              Type           Power      Damage    Failure   Level
a - Magic Dart            Conj           48%        1d5       4%          1
b - Blink                 Tloc           24%        N/A       8%          2
c - Mephitic Cloud        Conj/Pois/Air  9%         N/A       22%         3

Your spell library contained the following spells:

 Spells                   Type           Power      Damage    Failure   Level
 Call Imp                 Summ           12%        N/A       8%          2
 Slow                     Hex            32%        N/A       9%          1
 Conjure Flame            Conj/Fire      10%        6-21      19%         3
 Ozocubu's Armour         Ice            8%         N/A       26%         3
 Ozocubu's Refrigeration  Ice            4%         4d5       100%        7
 Chain Lightning          Conj/Air       5%         3d6       100%        9
 Fire Storm               Conj/Fire      5%         8d1       100%        9
 Shatter                  Erth           4%         3d7*      100%        9


Dungeon Overview and Level Annotations

Branches:
Dungeon (3/15)

Altars:


Innate Abilities, Weirdness & Mutations

You have very sharp teeth.
Your uncanny sense of smell can sniff out nearby items.
Your experience applies equally to all skills.


Message History

Aim: a white imp (lightly wounded, 100% to hit)
The magic dart hits the white imp but does no damage.
The white imp is lightly wounded.
The white imp barely misses you.
Casting: Magic Dart (safe; 4% risk of failure)
Confirm with . or Enter, or press ? or * to list all spells.
Aiming: Magic Dart (safe; 4% risk of failure)
Press: ? - help, Shift-Dir - straight line, f/p - white imp
Aim: a white imp (lightly wounded, 100% to hit)
The magic dart hits the white imp.
The white imp is lightly wounded.
The white imp barely misses you.
Casting: Magic Dart (safe; 4% risk of failure)
Confirm with . or Enter, or press ? or * to list all spells.
Aiming: Magic Dart (safe; 4% risk of failure)
Press: ? - help, Shift-Dir - straight line, f/p - white imp
Aim: a white imp (lightly wounded, 100% to hit)
The magic dart hits the white imp.
The white imp is heavily wounded.
The white imp gestures at you. The puff of frost misses you.
Casting: Magic Dart (safe; 4% risk of failure)
Confirm with . or Enter, or press ? or * to list all spells.
Aiming: Magic Dart (safe; 4% risk of failure)
Press: ? - help, Shift-Dir - straight line, f/p - white imp
Aim: a white imp (heavily wounded, 100% to hit)
The magic dart hits the white imp but does no damage.
The white imp is heavily wounded.
The white imp gestures at you. The puff of frost hits you!
Casting: Magic Dart (safe; 4% risk of failure)
Confirm with . or Enter, or press ? or * to list all spells.
Aiming: Magic Dart (safe; 4% risk of failure)
Press: ? - help, Shift-Dir - straight line, f/p - white imp
Aim: a white imp (heavily wounded, 100% to hit)
The magic dart hits the white imp.
The white imp is heavily wounded.
The white imp gestures at you. The puff of frost hits you!
You die...

#..###...# #.....
##.## ###.#
#####..... ##..# #.#
########.........
####..##
#.###........###.....
#.....#
#####.....########
##....
#.....###.......###
##...
#.........#####.# ###
#### #..)...####
#.###..... #.....##
#.@5...... #.....#
####...... #.....#
..... #.....# ....
#.....# ... #######
.. .


You could see a white imp.

Vanquished Creatures
  A centaur skeleton (D:2)
  A howler monkey skeleton (D:3)
  2 dart slugs (D:1)
  An orc (D:3)
  6 ball pythons
  8 endoplasms
  A giant cockroach (D:3)
  3 hobgoblins
  6 jackals (D:3)
  5 kobolds
  2 quokkas
  7 bats
  2 frilled lizards
  7 goblins
  5 rats
57 creatures vanquished.

Notes
Turn   | Place    | Note
-------+----------+-------------------------------------------
     0 | D:1      | rogsnak the Gnoll Hedge Wizard began the quest for the Orb.
     0 | D:1      | Reached XP level 1. HP: 13/13 MP: 8/8
   185 | D:1      | Reached XP level 2. HP: 19/19 MP: 8/10
   188 | D:1      | Learned a level 2 spell: Blink
   259 | D:1      | Found a faded altar of an unknown god.
   727 | D:1      | Reached XP level 3. HP: 25/25 MP: 9/11
   731 | D:1      | Learned a level 3 spell: Mephitic Cloud
  1250 | D:2      | Reached skill level 1 in Fighting
  1250 | D:2      | Reached skill level 1 in Short Blades
  1250 | D:2      | Reached skill level 1 in Long Blades
  1250 | D:2      | Reached skill level 1 in Axes
  1250 | D:2      | Reached skill level 1 in Maces & Flails
  1250 | D:2      | Reached skill level 1 in Polearms
  1250 | D:2      | Reached skill level 1 in Staves
  1250 | D:2      | Reached skill level 1 in Slings
  1250 | D:2      | Reached skill level 1 in Bows
  1250 | D:2      | Reached skill level 1 in Crossbows
  1250 | D:2      | Reached skill level 1 in Throwing
  1250 | D:2      | Reached skill level 1 in Armour
  1250 | D:2      | Reached skill level 1 in Shields
  1250 | D:2      | Reached skill level 1 in Unarmed Combat
  1250 | D:2      | Reached skill level 1 in Invocations
  1250 | D:2      | Reached skill level 1 in Evocations
  1250 | D:2      | Reached XP level 4. HP: 26/32 MP: 3/13
  2533 | D:3      | Reached skill level 1 in Hexes
  2533 | D:3      | Reached skill level 1 in Necromancy
  2533 | D:3      | Reached skill level 1 in Transmutations
  2533 | D:3      | Reached skill level 1 in Fire Magic
  2533 | D:3      | Reached skill level 1 in Ice Magic
  2533 | D:3      | Reached skill level 1 in Air Magic
  2533 | D:3      | Reached skill level 1 in Earth Magic
  2533 | D:3      | Reached skill level 1 in Poison Magic
  2806 | D:3      | Killed from afar by a white imp

Illustrated notes

Levels and vault maps discovered:
D:1:      lemuel_arrival_behind_the_door_small, layout_loops_ring,
          basic_ecumenical_altar, solitary_fountain
D:2:      layout_rooms, fountainhead, minmay_pentomino_u4
D:3:      layout_rooms, palyth_stone_intersect, chequers_hall_statues_wall_a

Skill      XL: |  1  2  3  4 |
---------------+-------------+-----
Conjurations   | 2 |  2.3
Summonings     | 2 |  2.3
Translocations | 2 |  2.3
Fighting       | 1 |  1.2
Short Blades   | 1 |  1.2
Long Blades    | 1 |  1.2
Axes           | 1 |  1.2
Maces & Flails | 1 |  1.2
Polearms       | 1 |  1.2
Staves         | 1 |  1.2
Slings         | 1 |  1.2
Bows           | 1 |  1.2
Crossbows      | 1 |  1.2
Throwing       | 1 |  1.2
Armour         | 1 |  1.2
Shields        | 1 |  1.2
Unarmed Combat | 1 |  1.2
Invocations    | 1 |  1.4
Evocations     | 1 |  1.2
Hexes          | 1 |  1.0
Necromancy     | 1 |  1.0
Transmutations | 1 |  1.0
Fire Magic     | 1 |  1.0
Ice Magic      | 1 |  1.0
Air Magic      | 1 |  1.0
Earth Magic    | 1 |  1.0
Poison Magic   | 1 |  1.0
Dodging        | |  4.7
Stealth        | |  4.3
Spellcasting   | |  7.2

Action                   |  1- 3 |  4- 6 || total
-------------------------+-------+-------++-------
Melee: Dagger            |    13 |       ||    13
       Bite              |     1 |     4 ||     5
       Short sword       |     3 |    40 ||    43
 Cast: Magic Dart        |    57 |    54 ||   111
 Stab: Sleeping          |     3 |       ||     3
Armor: Robe              |     3 |     9 ||    12
Dodge: Dodged            |    23 |    46 ||    69

Table legend: (Time is in decaauts)
 A = Elapsed time spent in this place.
 B = Non-inter-level travel time spent in this place.
 C = Inter-level travel time spent in this place.
 D = Time resting spent in this place.
 E = Time spent auto-exploring this place.
 F = Levels seen in this place.
 G = Mean time per level.
                   A        B        C        D        E       F      G
               +--------+--------+--------+--------+--------+-----+--------+
         Total |   2807 |   2760 |     47 |    343 |   2019 |   3 |  935.7 |
       Dungeon |   2807 |   2760 |     47 |    343 |   2019 |   3 |  935.7 |
               +--------+--------+--------+--------+--------+-----+--------+

Top non-repeatable levels by time:
     D:1: 1166 daAuts
     D:3: 846 daAuts
     D:2: 794 daAuts
